 Dungeon Crawl Stone Soup version 0.29.1-15-g9cfb28693d (webtiles) character file.

Game seed: 17378264864887449796

172 safid the Chiller (level 5, 0/39 HPs)
             Began as a Merfolk Ice Elementalist on Mar 27, 2023.
             Slain by an ice beast (1 damage)
             ... on level 5 of the Dungeon.
             The game lasted 00:09:01 (3309 turns).

safid the Chiller (Merfolk Ice Elementalist)        Turns: 3309, Time: 00:09:02

Health: 0/39       AC: 10    Str:  8    XL:     5   Next: 52%
Magic:  3/9        EV: 13    Int: 16    God:
Gold:   146        SH:  0    Dex: 15    Spells: 3/10 levels left

rFire   . . .      SeeInvis .   u - +0 trident (venom)
rCold   . . .      Faith    .   (no shield)
rNeg    . . .      Spirit   .   a - +0 robe
rPois   .          Reflect  .   s - +1 helmet
rElec   .          Harm     .   (no cloak)
rCorr   .          Rampage  .   (no gloves)
Will    .....                   (no boots)
Stlth   ++........              d - amulet of regeneration
HPRegen 0.93/turn               (no ring)
MPRegen 0.11/turn               (no ring)

@: ice-armoured
A: (nimble swimmer 2), mertail
a: no special abilities


You were on level 5 of the Dungeon.
You visited 1 branch of the dungeon, and saw 5 of its levels.

You collected 146 gold pieces.

Inventory:

Hand Weapons
 u - a +0 trident of venom (weapon)
Armour
 a - a +0 robe (worn)
 s - a +1 helmet (worn)
Jewellery
 d - an amulet of regeneration (around neck)
Scrolls
 e - a scroll of identify {unknown}
 g - a scroll of poison {unknown}
 i - 2 scrolls of teleportation {unknown}
 k - a scroll of vulnerability {unknown}
 l - 2 scrolls of amnesia {unknown}
 m - a scroll of brand weapon {unknown}
 p - a scroll of silence {unknown}
 r - a scroll of blinking {unknown}
 t - a scroll of enchant armour {unknown}
 v - a scroll of enchant weapon {unknown}
 y - a scroll of noise {unknown}
Potions
 b - a potion of magic
 c - a potion of might {unknown}
 f - 3 potions of curing {unknown}
 h - a potion of resistance {unknown}
 j - a potion of degeneration {unknown}
 n - 2 potions of lignification {unknown}
 o - a potion of haste {unknown}
 q - a potion of flight {unknown}
 w - 2 potions of heal wounds {unknown}
 x - a potion of attraction {unknown}


   Skills:
 + Level 2.7 Fighting
 - Level 4.0 Dodging
 - Level 2.1 Stealth
 + Level 3.1 Spellcasting
 + Level 5.3 Ice Magic


You had 3 spell levels left.
You knew the following spells:

 Your Spells              Type           Power      Damage    Failure   Level
a - Freeze                Ice            76%        1d9       2%          1
b - Frozen Ramparts       Ice            38%        1d6       6%          3
c - Ozocubu's Armour      Ice            19%        N/A       6%          3

Your spell library contained the following spells:

 Spells                   Type           Power      Damage    Failure   Level
 Inner Flame              Hex/Fire       2%         N/A       50%         3
 Hailstorm                Conj/Ice       10%        3d5       52%         4
 Cause Fear               Hex            1%         N/A       88%         4
 Ozocubu's Refrigeration  Ice            9%         4d9       100%        7
 Discord                  Hex            1%         N/A       100%        8


Dungeon Overview and Level Annotations

Branches:
Dungeon (5/15)
 Temple: D:4-7

Altars:
Elyvilon
Wu Jian

Shops:
D:4 :(

Annotations:
D:3 1 runed translucent door, joshua's ghost, amateur MiBe
D:4 2 transporters, sargonster's ghost, novice HOBe
D:5 1 runed translucent door, Sigmund


Innate Abilities, Weirdness & Mutations

((You are very nimble when in or above water. (Stealth+, EV+, Speed+++)))
Your lower body shifts to a powerful aquatic tail in water.


Message History

The ice beast hits you but does no damage.
The ice beast barely misses you.
You hit the ice beast.
The ice beast is lightly wounded.
The ice beast barely misses you.
You barely miss the ice beast.
The ice beast is lightly wounded.
The ice beast hits you but does no damage.
You hit the ice beast but do no damage.
The ice beast is lightly wounded.
The ice beast closely misses you. The ice beast barely misses you.
You closely miss the ice beast.
The ice beast is lightly wounded.
The ice beast closely misses you.
You barely miss the ice beast.
The ice beast is lightly wounded.
The ice beast hits you but does no damage.
You barely miss the ice beast.
The ice beast is lightly wounded.
The ice beast hits you. The ice beast freezes you.
You barely miss the ice beast.
The ice beast is lightly wounded.
The ice beast hits you but does no damage.
The ice beast hits you. The ice beast freezes you!
You are too injured to fight recklessly!
You are too injured to fight recklessly!
You are too injured to fight recklessly!
Okay, then.
You barely miss the ice beast.
The ice beast is lightly wounded.
The ice beast hits you but does no damage.
You hit the ice beast.
The ice beast is lightly wounded.
The ice beast hits you but does no damage.
You hit the ice beast but do no damage.
The ice beast is lightly wounded.
The ice beast hits you. The ice beast freezes you!
* * * LOW HITPOINT WARNING * * *
The ice beast hits you.
You die...

#............. ##
#...#.#.....#.# ..
#.#.#.#.....# .
#.#####.#.#.....#
#.#.....#.##....#
#...#####.......#
##...## ####..#.#
##...# #..#.# #@#.#
#..#.# #Y#.# #.##.#
..#.###.#.#### #.##.#
.............###.##.#
+######.#.##.##..##.#
#.#.##.>...##.#
####.#.###.##.##.####
#....#.# #.##.##.#...
##<###.###.#.....#.##


You could see an ice beast.

Vanquished Creatures
  An iguana (D:5)
  5 adders
  An ufetubus (D:4)
  A worm (D:5)
  2 dart slugs
  4 orcs
  9 endoplasms
  12 giant cockroaches
  7 hobgoblins
  7 jackals
  6 kobolds
  2 quokkas (D:1)
  A ball python (D:1)
  5 bats
  A frilled lizard (D:2)
  6 goblins
  6 rats
76 creatures vanquished.

Notes
Turn   | Place    | Note
-------+----------+-------------------------------------------
     0 | D:1      | safid the Merfolk Ice Elementalist began the quest for the
                  | Orb.
     0 | D:1      | Reached XP level 1. HP: 13/13 MP: 3/3
   281 | D:1      | Reached XP level 2. HP: 20/20 MP: 5/5
   576 | D:1      | Reached skill level 1 in Fighting
   677 | D:1      | Found a faded altar of an unknown god.
  1074 | D:2      | Reached XP level 3. HP: 18/26 MP: 2/6
  1078 | D:2      | Learned a level 3 spell: Frozen Ramparts
  1549 | D:2      | Reached skill level 5 in Ice Magic
  1549 | D:2      | Reached XP level 4. HP: 33/33 MP: 2/8
  1553 | D:2      | Learned a level 3 spell: Ozocubu's Armour
  1891 | D:3      | Found a runed translucent door.
  1891 | D:3      | Noticed joshua's ghost (amateur MiBe)
  2333 | D:3      | Found a white marble altar of Elyvilon.
  2333 | D:3      | Found an ornate altar of the Wu Jian Council.
  2488 | D:4      | Found a transporter.
  2490 | D:4      | Found a transporter.
  2490 | D:4      | Noticed sargonster's ghost (novice HOBe)
  2507 | D:4      | Reached XP level 5. HP: 26/39 MP: 7/9
  2683 | D:4      | Found Jatzoowk's Weapon Shop.
  2702 | D:4      | Found Sadyask's Book Shop.
  2941 | D:5      | Entered Level 5 of the Dungeon
  2948 | D:5      | Found a runed translucent gate.
  2977 | D:5      | Noticed an ice beast
  3031 | D:5      | Noticed Sigmund
  3309 | D:5      | HP: 1/39 [ice beast (14)]
  3309 | D:5      | Slain by an ice beast

Illustrated notes

Levels and vault maps discovered:
D:1:      minmay_arrival_hallway, layout_basic, dreamdust_ecumenical_altar_grove
D:2:      layout_loops_ring
D:3:      minmay_roachtagon, layout_rooms, gammafunk_temple_overflow_elements,
          hellmonk_ghost_happy_afterlife, minmay_statues_item, minivault_19
D:4:      layout_rooms, gammafunk_ghost_arena, serial_shops,
          nicolae_shop_competitors_out_of_business, nicolae_square_shop
D:5:      layout_basic, gammafunk_ghost_necromancy, uniq_prince_ribbit1,
          uniq_sigmund

Skill      XL: |  1  2  3  4  5 |
---------------+----------------+-----
Fighting       | 1 2 |  2.7
Ice Magic      | 5 |  5.3
Dodging        | 3 4 |  4.0
Spellcasting   | 3 |  3.1
Stealth        | |  2.1

Action                   |  1- 3 |  4- 6 || total
-------------------------+-------+-------++-------
Melee: Spear             |    91 |    77 ||   168
       Punch             |     1 |       ||     1
       Trident           |       |    74 ||    74
 Cast: Freeze            |    21 |    13 ||    34
       Frozen Ramparts   |       |     4 ||     4
       Ozocubu's Armour  |       |     1 ||     1
 Stab: Sleeping          |    10 |    11 ||    21
Armor: Robe              |    17 |    42 ||    59
Dodge: Dodged            |    41 |    80 ||   121
